 Dungeon Crawl Stone Soup version 0.21-a0-43-g1479571 (webtiles) character file.

3644 Duffy the Magician (level 9, -1/61 HPs)
             Began as a Demonspawn Earth Elementalist on June 6, 2017.
             Was a Believer of Vehumet.
             Slain by a hornet (9 damage)
             ... while paralysed by a hornet
             ... on level 8 of the Dungeon.
             The game lasted 00:18:08 (12416 turns).

Duffy the Magician (Demonspawn Earth Elementalist) Turns: 12416, Time: 00:18:09

Health: -1/61      AC:  8    Str:  9    XL:     9   Next: 88%
Magic:  16/22      EV:  2    Int: 19    God:    Vehumet [**....]
Gold:   334        SH:  0    Dex: 14    Spells: 14/23 levels left

rFire    . . .     SeeInvis .   z - +7 short sword "Rucwik" {pierce, *Drain rN+ MR+}
rCold    . . .     Gourm    .   (no shield)
rNeg     + + .     Faith    .   c - +1 robe
rPois    .         Spirit   .   (helmet restricted)
rElec    .         Reflect  .   w - +2 cloak
rCorr    .         Harm     .   (no gloves)
MR       +....     Rnd*Rage +   (no boots)
Stlth    ++++......             (no amulet)
Regen    0.2/turn               g - ring of positive energy
MPRegen  0.2/turn               (no ring)

@: paralysed, lethally poisoned (-1 -> -8), slowed
A: antennae 2, yellow scales 1, berserk 1, frail 1, high mp 1, nightstalker 2,
no potion heal 1
a: Renounce Religion


You were on level 8 of the Dungeon.
You worshipped Vehumet.
Vehumet was pleased with you.
You were not hungry.

You visited 2 branches of the dungeon, and saw 9 of its levels.

You collected 334 gold pieces.

Inventory:

Hand Weapons
 z - the +7 short sword "Rucwik" (weapon) {pierce, *Drain rN+ MR+}
   (You found it on level 4 of the Dungeon)

   It inflicts extra damage upon your enemies.
   It protects you from negative energy.
   It affects your resistance to hostile enchantments.
   It causes draining when unequipped.
 H - the +5 war axe "Qewneha" {chop, Str+4, unknown}
   (You took it off a gnoll sergeant on level 7 of the Dungeon)

   It inflicts extra damage upon your enemies.
   It affects your strength (+4).
Missiles
 b - 220 stones (quivered)
Armour
 c - a +1 robe (worn)
 w - a +2 cloak (worn)
 D - a -2 leather armour
 I - a +2 shield
Jewellery
 g - a ring of positive energy (left hand)
Scrolls
 a - a scroll of fog
 j - a scroll of recharging
 l - 3 scrolls of amnesia
 m - a scroll of enchant armour
 n - a scroll of remove curse
 o - 2 scrolls of blinking {unknown}
 q - a scroll of fear
 r - a scroll of magic mapping
 s - a scroll of enchant weapon
 x - a scroll of noise {unknown}
 y - 7 scrolls of teleportation
 E - a scroll of immolation {unknown}
 G - a scroll of summoning {unknown}
Potions
 h - a potion of mutation {unknown}
 i - 2 potions of berserk rage
 k - 2 potions of cancellation
 p - a potion of might
 t - 2 potions of curing
 u - 3 potions of degeneration
 v - 2 potions of flight
 A - a potion of lignification {unknown}
 B - a potion of haste {unknown}
 F - a potion of agility {unknown}
Books
 e - a book of Geomancy

   Spells                             Type                      Level
   a - Sandblast                      Earth                        1
   b - Passwall                       Transmutation/Earth          2
   c - Stone Arrow                    Conjuration/Earth            3
   d - Petrify                        Transmutation/Earth          4
   e - Lee's Rapid Deconstruction     Earth                        5
Comestibles
 d - 5 bread rations
 f - 5 royal jellies
 C - 3 chunks of flesh


   Skills:
 - Level 5.0 Fighting
 + Level 2.5 Dodging
 - Level 1.7 Stealth
 + Level 7.9 Spellcasting
 - Level 6.0 Conjurations
   Level 0.8 Transmutations
 + Level 7.8 Earth Magic


You had 14 spell levels left.
You knew the following spells:

 Your Spells              Type           Power        Failure   Level  Hunger
a - Sandblast             Erth           #####.       1%          1    None
c - Stone Arrow           Conj/Erth      ####..       1%          3    None
k - Lee's Rapid Deconstr  Erth           #####.....   10%         5    #####..


Dungeon Overview and Level Annotations

Branches:
Dungeon (8/15)             Temple (1/1) D:6
   Lair: D:8-11

Altars:
Ashenzari
Cheibriados
Dithmenos
Elyvilon
Fedhas
Gozag
Hepliaklqana
Makhleb
Nemelex Xobeh
Okawaru
Qazlal
Ru
Sif Muna
Trog
Vehumet
Wu Jian
Xom
Yredelemnul
Zin
The Shining One

Annotations:
D:7 exclusion: 2 killer bees


Innate Abilities, Weirdness & Mutations

You have a pair of antennae on your head.
You are partially covered in yellow scales. (AC +2)
You are significantly more attuned to the shadows.
You tend to lose your temper in combat.
You are frail. (-10% HP)
You have an increased reservoir of magic. (+10% MP)
Potions are less effective at restoring your health.


Message History

Aim: a hornet (severely wounded)
The blast of sand misses the hornet.
b - 221 stones The hornet misses you.
The hornet stings you!
You are poisoned.
You feel yourself slow down.
Casting: Sandblast
Confirm with . or Enter, or press ? or * to list all spells.
Aiming: Sandblast
Press: ? - help, Shift-Dir - straight line, f/p - hornet
Aim: a hornet (severely wounded)
The blast of sand hits the hornet.
The hornet is severely wounded.
b - 220 stones You feel sick.
The hornet stings you.
You suddenly lose the ability to move!
The hornet stings you!
You shrug off the repeated paralysis!
You feel yourself speed up.
You feel sick. The hornet stings you!
You feel yourself slow down. The hornet stings you!
You die...

........###.....#..>......#
.######## ####..####......#
.# #..# #......# .#
#..####......# .#
#.........#### .#
#.######### .# #.....#
#######.# ....y@..#
#########


You could see a hornet.

Vanquished Creatures
  The ghost of roguesci the Ducker, a novice VSTm of Kikubaaqudgha (D:6)
  An ugly thing (D:7)
  Prince Ribbit (D:8)
  A hippogriff (D:7)
  A wyvern (D:8)
  2 orc warriors (D:7)
  A sky beast (D:7)
  An ice beast (D:4)
  2 ogres
  A centaur (D:6)
  6 bullfrogs
  A gnoll sergeant (D:7)
  3 scorpions
  A wight (D:8)
  A crimson imp (D:5)
  3 centaur zombies
  4 hounds
  A jelly (D:5)
  2 orc priests
  A centaur skeleton (D:5)
  A gnoll shaman (D:4)
  Natasha (thrice) (D:2)
  An iguana (D:4)
  6 orc wizards
  6 worker ants
  A hound skeleton (D:7)
  A howler monkey zombie (D:7)
  8 gnolls
  6 adders
  3 shadow imps
  An adder zombie (D:8)
  An adder skeleton (D:4)
  3 worms (D:2)
  A dart slug (D:4)
  2 leopard geckos
  23 orcs
  4 giant cockroaches
  4 hobgoblins (D:1)
  2 jackals (D:1)
  7 kobolds
  2 quokkas
  2 ball pythons (D:3)
  14 bats
  4 frilled lizards
  7 goblins
  A leopard gecko skeleton (D:5)
  2 quokka zombies
  11 rats
  2 fungi (D:7)
164 creatures vanquished.

Vanquished Creatures (others)
  An ogre (D:6)
  A shadow imp (D:6)
  2 jackals (D:3)
  A fungus (D:7)
5 creatures vanquished.

Grand Total: 169 creatures vanquished

Notes
Turn   | Place    | Note
-------+----------+-------------------------------------------
     0 | D:1      | Duffy the Demonspawn Earth Elementalist began the quest for the Orb.
     0 | D:1      | Reached XP level 1. HP: 13/13 MP: 3/3
   290 | D:1      | Gained mutation: You are partially covered in yellow scales. (AC +2) [demonic ancestry]
   290 | D:1      | Reached XP level 2. HP: 9/19 MP: 0/5
  1411 | D:1      | Gained mutation: You are slightly more attuned to the shadows. [demonic ancestry]
  1411 | D:1      | Reached XP level 3. HP: 4/24 MP: 0/7
  1671 | D:1      | Learned a level 3 spell: Stone Arrow
  1896 | D:2      | Noticed Natasha
  2055 | D:2      | Found a glowing golden altar of the Shining One.
  2623 | D:2      | Killed Natasha
  2623 | D:2      | Reached skill level 1 in Conjurations
  2623 | D:2      | Reached XP level 4. HP: 16/30 MP: 2/8
  2849 | D:2      | Noticed Natasha
  2852 | D:2      | Killed Natasha
  3329 | D:2      | Noticed Natasha
  3334 | D:2      | Killed Natasha
  3334 | D:2      | Gained mutation: You are significantly more attuned to the shadows. [demonic ancestry]
  3334 | D:2      | Reached XP level 5. HP: 28/35 MP: 3/10
  3443 | D:3      | Learned a level 5 spell: Lee's Rapid Deconstruction
  3524 | D:3      | Found a shimmering altar of Xom.
  3623 | D:3      | You fall through a shaft for 3 floors!
  3753 | D:6      | Gained mutation: You have a pair of small antennae on your head. [demonic ancestry]
  3753 | D:6      | Reached XP level 6. HP: 39/41 MP: 7/11
  4175 | D:6      | Found a staircase to the Ecumenical Temple.
  4182 | Temple   | Entered the Ecumenical Temple
  4396 | Temple   | Became a worshipper of Vehumet
  4567 | D:6      | Noticed roguesci's ghost (novice VSTm)
  4589 | D:5      | Entered Level 5 of the Dungeon
  4678 | D:5      | Reached XP level 7. HP: 46/46 MP: 0/13
  5137 | D:3      | Found a sparkling altar of Nemelex Xobeh.
  5199 | D:3      | Reached skill level 5 in Earth Magic
  6143 | D:4      | Reached * piety under Vehumet
  6143 | D:4      | Offered knowledge of Magic Dart by Vehumet.
  6533 | D:4      | Found a burning altar of Makhleb.
  6814 | D:4      | Got a jewelled short sword
  6815 | D:4      | Identified the +7 short sword "Rucwik" {pierce, *Drain rN+ MR+} (You found it on level 4 of the Dungeon)
  7074 | D:4      | Reached skill level 5 in Spellcasting
  7282 | D:5      | Found an opulent altar of Gozag.
  7566 | D:5      | Reached skill level 1 in Fighting
  8250 | D:6      | Gained mutation: You have a pair of antennae on your head. [demonic ancestry]
  8250 | D:6      | Reached XP level 8. HP: 54/54 MP: 12/16
  8256 | D:6      | Reached skill level 5 in Conjurations
  8946 | D:6      | Killed roguesci's ghost
  9481 | D:7      | Found a blossoming altar of Fedhas.
  9777 | D:7      | Noticed a hippogriff
  9782 | D:7      | Killed a hippogriff
  9782 | D:7      | Reached XP level 9. HP: 62/62 MP: 5/19
 10433 | D:7      | Noticed a brown ugly thing
 10746 | D:7      | Killed a brown ugly thing
 11346 | D:6      | Gained mutation: You tend to lose your temper in combat. [mutagenic meat]
 11347 | D:6      | Gained mutation: Potions are less effective at restoring your health. [mutagenic meat]
 11348 | D:6      | Gained mutation: You are frail. (-10% HP) [mutagenic meat]
 11349 | D:6      | Gained mutation: You have an increased reservoir of magic. (+10% MP) [mutagenic meat]
 11518 | D:8      | Found a glowing silver altar of Zin.
 11944 | D:8      | Reached skill level 5 in Fighting
 11946 | D:8      | Offered knowledge of Sting by Vehumet.
 12174 | D:8      | Reached ** piety under Vehumet
 12241 | D:7      | Got a fine war axe {chop}
 12368 | D:8      | Noticed Prince Ribbit
 12372 | D:8      | Killed Prince Ribbit
 12415 | D:8      | Paralysed by a hornet for 2 turns
 12416 | D:8      | Slain by a hornet

Vault maps used:
D:1:      arrival_zaba_pyramid, minmay_pentomino_p2
D:2:      lemuel_coloured_pillars_altar, uniq_natasha
D:3:      tgw_xom, nemelex_altar_shiori, first_bread
D:4:      overflow_temple_1_default, minmay_misc_feat_hallway
D:5:      grunt_gozag_breadcrumbs
D:6:      lemuel_temple_firewalk_b
D:7:      fedhas_altar_3
D:8:      kennysheep_mini, sword_in_stone, uniq_prince_ribbit1
Temple:   nicolae_temple_figure_eight

Skill      XL: |  1  2  3  4  5  6  7  8  9 |
---------------+----------------------------+-----
Earth Magic    | 3 4 5 6 7 |  7.8
Spellcasting   | 3 4 5 6 7 |  7.9
Conjurations   | 1 2 3 4 6 |  6.0
Fighting       | 1 2 5 |  5.0
Dodging        | 2 |  2.5
Stealth        | |  1.7
Transmutations | |  0.8

Action                   |  1- 3 |  4- 6 |  7- 9 || total
-------------------------+-------+-------+-------++-------
Melee: Dagger            |   112 |    62 |    29 ||   203
       Short sword       |       |       |   121 ||   121
 Cast: Sandblast         |    44 |    48 |    26 ||   118
       Stone Arrow       |       |     4 |   122 ||   126
       Lee's Rapid Decon |       |       |     1 ||     1
  Use: Scroll            |       |     4 |    11 ||    15
 Stab: Sleeping          |     4 |     1 |     6 ||    11
       Distracted        |     1 |       |     4 ||     5
  Eat: Chunk             |     6 |     6 |    31 ||    43
       Royal jelly       |       |       |     1 ||     1
Armor: Robe              |    39 |    37 |    71 ||   147
Dodge: Dodged            |    92 |    66 |   106 ||   264
